 Dungeon Crawl Stone Soup version bcrawl-1.21.3-2-g9d8a61a446 (webtiles) character file.

Game seed: 7979546545047580042

4 Mehrunes the Grave Robber (level 1, 0/13 HPs)
             Began as a Vampire Necromancer on Apr 17, 2020.
             Slain by a jackal (2 damage)
             ... on level 1 of the Dungeon.
             The game lasted 00:01:49 (115 turns).

Mehrunes the Grave Robber (Vampire Necromancer)      Turns: 115, Time: 00:01:50

Health: 0/13       AC:  2    Str: 11    XL:     1   Next: 58%
Magic:  0/3        EV: 12    Int: 15    God:
Gold:   44         SH:  0    Dex: 13    Spells: 2/4 levels left

rFire    . . .     SeeInvis +   a - +1 dagger
rCold    . . .     Gourm    .   (no shield)
rNeg     . . .     Faith    .   b - +0 robe
rPois    .         Spirit   .   (no helmet)
rElec    .         Reflect  .   (no cloak)
rCorr    .         Harm     .   (no gloves)
MR       .....                  (no boots)
Stlth    ++........             (no amulet)
HPRegen  0.18/turn              (no ring)
MPRegen  0.08/turn              (no ring)

@: regenerating quickly
A: claws 1, fangs 3, see invisible, unbreathing
a: Bat Form


You were on level 1 of the Dungeon.
You were full.

You visited 1 branch of the dungeon, and saw 1 of its levels.

You collected 44 gold pieces.

Inventory:

Hand Weapons
 a - a +1 dagger (weapon)
Armour
 b - a +0 robe (worn)


   Skills:
 + Level 0.2 Fighting
 + Level 0.4 Short Blades
 - Level 2.1 Dodging
 - Level 3.2 Stealth
 - Level 2.0 Spellcasting
 * Level 4.5 Necromancy


You had 2 spell levels left.
You knew the following spells:

 Your Spells              Type           Power        Failure   Level  Hunger
a - Animate Skeleton      Necr           N/A          3%          1    #......
b - Pain                  Necr           ###...       3%          1    #......

Your spell library contained the following spells:

 Spells                   Type           Power        Failure   Level  Hunger
 Vampiric Draining        Necr           ###.......   11%         3    ###....
 Regeneration             Chrm/Necr      #.........   26%         3    ###....
 Animate Dead             Necr           N/A          34%         4    #####..
 Bolt of Draining         Conj/Necr      #.........   94%         5    ######.


Dungeon Overview and Level Annotations

Branches:
Dungeon (1/12)

Altars:


Innate Abilities, Weirdness & Mutations

Your natural rate of healing is unusually fast.
You have sharp fingernails.
You have razor-sharp teeth.
You have supernaturally acute eyesight. (SInv)
You can survive without breathing.


Message History

The jackal bites you.
You barely miss the jackal. You bite the jackal, but do no damage.
The jackal is severely wounded.
The jackal bites you. x2
* * * LOW HITPOINT WARNING * * *
You hit the jackal.
You kill the jackal!
The jackal barely misses you.
You don't have enough magic at the moment.
Okay, then.
The jackal misses you. The rat closely misses you.
Okay, then.
Casting: Pain (safe; 3% risk of failure)
Confirm with . or Enter, or press ? or * to list all spells.
Aiming: Pain (safe; 3% risk of failure)
Press: ? - help, Shift-Dir - straight line, f - jackal
Aim: a jackal (chance to defeat MR: 85%)
The jackal writhes in agony.
The jackal bites you.
You die...

#D#..#≈# ....[# .#
###.########.#.####.#
#X#.#D# #.h!........# #
####.####h###.#.####.#
.# #^#..#X# #.#.# .#..#
###.#### #.#.####.#.####
#X#.#^# #
#...†.......... ###.###
#.####..###.!#..##
#X#.#D# #.....@###..#
###.######......h....#
#D#...#X######%.r......#
#####.### #..####.###
#^#.#D# #..####.#
###.########........
#...##............##
+.>.'..############
#...####


You could see a jackal and a rat.

Vanquished Creatures
  3 jackals (D:1)
  A bat (D:1)
4 creatures vanquished.

Notes
Turn   | Place    | Note
-------+----------+-------------------------------------------
     0 | D:1      | Mehrunes the Vampire Necromancer began the quest for the
                  | Orb.
     0 | D:1      | Reached XP level 1. HP: 13/13 MP: 3/3
     1 | D:1      | Noticed a tentacled monstrosity
     3 | D:1      | Noticed a tentacled monstrosity
     3 | D:1      | Noticed a shadow dragon
     9 | D:1      | Noticed an iron dragon
    12 | D:1      | Noticed a tentacled monstrosity
    12 | D:1      | Noticed an ice dragon
    14 | D:1      | Noticed a tentacled monstrosity
    16 | D:1      | Noticed a tentacled monstrosity
    18 | D:1      | Noticed a tentacled monstrosity
    18 | D:1      | Noticed an ice dragon
    18 | D:1      | Noticed a large abomination
    20 | D:1      | Noticed an iron dragon
    20 | D:1      | Noticed an iron dragon
   115 | D:1      | Slain by a jackal

Action                   || total
-------------------------++-------
Melee: Dagger            ||    10
       Bite              ||     2
 Cast: Pain              ||     5
  Use: Potion            ||     2
Armor: Robe              ||     2
Dodge: Dodged            ||    11
